Saguenéens vs Machettes
(R1)
Created - 24 mars 2013 at 00:09
Goals
|
| Saguenéens |
1 |
0 |
1 |
2 |
| Machettes |
1 |
2 |
1 |
4 |
|
Shots
|
| Saguenéens |
5 |
14 |
8 |
27 |
| Machettes |
17 |
12 |
7 |
36 |
|
1st period
1. Machettes , Stefan Ruzicka 31 (Tom Gilbert) at 12:40
2. Saguenéens , Dean McAmmond 24 (Wayne Simmonds, Michal Grosek) at 17:00
Penalties :
Matt Keith (CLM) for Interference (Minor) at 5:07, Cory Emmerton (CLM) for Roughing (Minor) at 19:06, Kyle Brodziak (Chi) for Interference (Minor) at 19:06
2nd period
3. Machettes , Stefan Ruzicka 32 (Steven Goertzen, Tom Gilbert) at 0:44
4. Machettes , Stefan Ruzicka 33 (John Mitchell) at 3:09 (PP)
Penalties :
Pat Dwyer (Chi) for Hooking (Minor) at 2:33, Johannes Salmonsson (Chi) for Hooking (Minor) at 5:23, Ian Cole (Chi) for Tripping (Minor) at 10:49, Peter Olvecky (CLM) for Interference (Minor) at 19:30
3rd period
5. Machettes , Stefan Ruzicka 34 (James Wisniewski, Tyler McNeely) at 8:13
6. Saguenéens , Dean McAmmond 25 (Henrik Tallinder, Wayne Simmonds) at 12:07
Penalties :
Patrick McNeill (Chi) for Tripping (Minor) at 2:43, Derek Joslin (Chi) for High sticking (Minor) at 12:52, Brad Chartrand (Chi) for Slashing (Minor) at 16:09, Ben Blood (CLM) for Hooking (Minor) at 18:41
Goalie Stats
Thomas Greiss (Chi), 32 saves from 36 shots - (0,889), L, 17-12-3, 60:00 minutes
Mathieu Garon (CLM), 25 saves from 27 shots - (0,926), W, 19-13-5, 60:00 minutes
Players Stats for Saguenéens
Player Name G A P +/- PIM S H SB GA TA FO MP PP MP PK MP
------------------------------------------------------------------------------------
Andreas Engqvist 0 0 0 0 0 0 1 0 0 0 3/6 10:28 0:00 0:04
Andrew Kozek 0 0 0 0 0 1 1 0 0 2 0/0 8:09 0:00 0:40
Brad Chartrand 0 0 0 0 2 2 1 0 1 0 4/4 11:39 0:00 0:00
Brandon Yip 0 0 0 -2 0 3 1 1 3 0 1/1 21:37 2:45 4:46
David McIntyre 0 0 0 0 0 0 0 0 1 0 1/1 7:11 0:00 0:00
Dean McAmmond 2 0 2 1 0 5 0 0 0 0 8/18 19:25 2:31 4:46
Denis Bodrov 0 0 0 -1 0 0 1 0 0 0 0/0 15:17 0:00 4:59
Derek Joslin 0 0 0 1 2 4 0 4 0 1 0/0 20:12 0:00 4:20
Dwight King 0 0 0 2 0 0 0 0 0 0 1/1 13:46 2:31 0:00
Henrik Tallinder 0 1 1 0 0 4 0 2 0 1 0/0 25:00 2:35 5:32
Ian Cole 0 0 0 -1 2 0 0 0 0 1 0/0 13:01 2:41 0:11
Johannes Salmonsson 0 0 0 0 2 0 0 0 0 1 0/0 11:39 0:00 0:39
Kyle Brodziak 0 0 0 -2 2 0 1 0 0 1 12/29 20:43 2:45 5:02
Michal Grosek 0 1 1 -2 0 2 4 0 0 0 1/2 20:44 2:45 5:05
Mike Van Ryn 0 0 0 0 0 2 1 0 0 1 0/0 24:42 2:41 4:59
Pat Dwyer 0 0 0 0 2 1 1 0 1 0 0/0 7:10 0:00 0:00
Patrick McNeill 0 0 0 -1 2 1 0 2 1 1 0/0 21:50 2:35 1:01
Wayne Simmonds 0 2 2 1 0 2 1 0 1 0 0/2 14:50 2:31 0:00
Players Stats for Machettes
Player Name G A P +/- PIM S H SB GA TA FO MP PP MP PK MP
------------------------------------------------------------------------------------
Andrew MacDonald 0 0 0 0 0 0 1 1 1 0 0/0 11:16 0:02 0:00
Angelo Esposito 0 0 0 0 0 1 0 0 0 0 0/0 6:18 0:00 0:00
Ben Blood 0 0 0 0 2 0 1 0 0 0 0/0 11:00 0:00 0:00
Brett Carson 0 0 0 -2 0 1 0 1 0 0 0/0 20:50 5:26 2:19
Cory Emmerton 0 0 0 -1 2 3 4 0 0 0 8/12 16:12 4:30 0:00
Dustin Jeffrey 0 0 0 0 0 0 0 0 1 1 1/1 8:07 0:36 0:00
James Wisniewski 0 1 1 3 0 2 2 3 3 4 0/0 28:09 5:05 2:57
John Mitchell 0 1 1 1 0 5 2 1 1 0 12/25 21:00 5:25 1:19
Keith Yandle 0 0 0 -2 0 3 1 1 0 0 0/0 20:35 5:24 2:19
Matt Keith 0 0 0 0 2 2 1 2 0 1 0/0 11:25 0:36 0:40
Michal Repik 0 0 0 0 0 0 0 0 1 0 0/0 6:18 0:00 0:00
Peter Olvecky 0 0 0 -1 2 3 2 1 0 0 0/0 16:36 4:30 0:17
Sergei Kostitsyn 0 0 0 1 0 2 1 0 0 1 2/2 19:39 5:25 0:16
Stefan Ruzicka 4 0 4 2 0 11 4 1 1 1 8/19 24:32 5:25 3:24
Stephane Da Costa 0 0 0 0 0 1 0 0 0 0 1/3 10:46 0:00 1:18
Steven Goertzen 0 1 1 0 0 2 2 0 0 0 0/0 21:11 4:30 3:18
Tom Gilbert 0 2 2 3 0 0 0 1 1 0 0/0 28:09 5:05 2:57
Tyler McNeely 0 1 1 0 0 0 2 0 0 0 1/2 10:38 0:36 0:00
3 Stars
1 - Stefan Ruzicka (CLM)
2 - Dean McAmmond (Chi)
3 - Tom Gilbert (CLM)
Power Play
Saguenéens - 0 on 3 Attempt(s) - 0,00%
Machettes - 1 on 6 Attempt(s) - 16,67%
Penalty Kill
Saguenéens - 5 on 6 Attempt(s) - 83,33%
- Score 0 goal in Penalty Kill
Machettes - 3 on 3 Attempt(s) - 100,00%
- Score 0 goal in Penalty Kill
Official
Referees : StPierre Justin and O'Halloran Dan
Linesman : Bryan Pancich and Shane Heyer
Game Notes
Stefan Ruzicka has scored a Hat Trick!
Saguenéens
5 vs 5 Forward
Center Left Wing Right Wing Time % Phy DF OF
1 Kyle Brodziak Michal Grosek Brandon Yip 40 1 2 2
2 Dean McAmmond Dwight King Wayne Simmonds 30 1 2 2
3 Andreas Engqvist Johannes Salmonsson Brad Chartrand 20 1 2 2
4 David McIntyre Andrew Kozek Pat Dwyer 10 1 2 2
5 vs 5 Defense
Defense Defense Time % Phy DF OF
1 Mike Van Ryn Patrick McNeill 35 1 2 2
2 Henrik Tallinder Derek Joslin 35 1 2 2
3 Ian Cole Denis Bodrov 20 1 2 2
4 Henrik Tallinder Patrick McNeill 10 0 2 3
PowerPlay Forward
Center Left Wing Right Wing Time % Phy DF OF
1 Kyle Brodziak Michal Grosek Brandon Yip 50 0 1 4
2 Dean McAmmond Dwight King Wayne Simmonds 50 0 1 4
PowerPlay Defense
Defense Defense Time % Phy DF OF
1 Mike Van Ryn Ian Cole 50 0 2 3
2 Henrik Tallinder Patrick McNeill 50 0 2 3
Penalty Kill 4 Players Forward
Center Wing Time % Phy DF OF
1 Kyle Brodziak Michal Grosek 50 1 3 1
2 Dean McAmmond Brandon Yip 50 1 3 1
Penalty Kill 4 Players Defense
Defense Defense Time % Phy DF OF
1 Mike Van Ryn Denis Bodrov 50 1 3 1
2 Henrik Tallinder Derek Joslin 50 1 3 1
Penalty Kill - 3 Players Forward
Forward Time % Phy DF OF
1 Dean McAmmond 50 1 3 1
2 Michal Grosek 50 1 3 1
Penalty Kill - 3 Players Defense
Defense Defense Time % Phy DF OF
1 Mike Van Ryn Denis Bodrov 50 1 3 1
2 Henrik Tallinder Derek Joslin 50 1 3 1
4 vs 4 Forward
Center Wing Time % Phy DF OF
1 Kyle Brodziak Brandon Yip 50 1 1 3
2 Dean McAmmond Wayne Simmonds 50 1 1 3
4 vs 4 Defense
Defense Defense Time % Phy DF OF
1 Mike Van Ryn Derek Joslin 50 1 2 2
2 Henrik Tallinder Patrick McNeill 50 1 2 2
Last Minutes Offensive
Center Left Wing Right Wing Defense Defense
Kyle Brodziak Michal Grosek Brandon Yip Henrik Tallinder Patrick McNeill
Last Minutes Defensive
Center Left Wing Right Wing Defense Defense
Kyle Brodziak Michal Grosek Brandon Yip Henrik Tallinder Derek Joslin
Goaltenders
Starting : Thomas Greiss
Backup : James Reimer
Extra Forwards
Normal : Brad Chartrand, Johannes Salmonsson, Kyle Brodziak - PP : Johannes Salmonsson, Andrew Kozek - PK : Johannes Salmonsson
Extra Defensemen
Normal : Patrick McNeill, Denis Bodrov, Henrik Tallinder - PP : Derek Joslin - PK : Patrick McNeill, Ian Cole
Penalty Shots
Dean McAmmond, Michal Grosek, Brad Chartrand, Kyle Brodziak, Brandon Yip
Machettes
5 vs 5 Forward
Center Left Wing Right Wing Time % Phy DF OF
1 John Mitchell Sergei Kostitsyn Stefan Ruzicka 40 1 2 2
2 Cory Emmerton Peter Olvecky Steven Goertzen 30 1 2 2
3 Stephane Da Costa Tyler McNeely Matt Keith 20 1 2 2
4 Angelo Esposito Dustin Jeffrey Michal Repik 10 1 2 2
5 vs 5 Defense
Defense Defense Time % Phy DF OF
1 Tom Gilbert James Wisniewski 40 1 2 2
2 Keith Yandle Brett Carson 30 1 2 2
3 Andrew MacDonald Ben Blood 20 1 2 2
4 Tom Gilbert James Wisniewski 10 1 2 2
PowerPlay Forward
Center Left Wing Right Wing Time % Phy DF OF
1 John Mitchell Sergei Kostitsyn Stefan Ruzicka 60 1 2 2
2 Cory Emmerton Peter Olvecky Steven Goertzen 40 1 2 2
PowerPlay Defense
Defense Defense Time % Phy DF OF
1 Tom Gilbert James Wisniewski 60 1 2 2
2 Keith Yandle Brett Carson 40 1 2 2
Penalty Kill 4 Players Forward
Center Wing Time % Phy DF OF
1 Stefan Ruzicka Steven Goertzen 60 1 2 2
2 John Mitchell Matt Keith 40 1 2 2
Penalty Kill 4 Players Defense
Defense Defense Time % Phy DF OF
1 Tom Gilbert James Wisniewski 60 1 2 2
2 Keith Yandle Brett Carson 40 1 2 2
Penalty Kill - 3 Players Forward
Forward Time % Phy DF OF
1 Stefan Ruzicka 60 1 2 2
2 Steven Goertzen 40 1 2 2
Penalty Kill - 3 Players Defense
Defense Defense Time % Phy DF OF
1 Tom Gilbert James Wisniewski 60 1 2 2
2 Keith Yandle Brett Carson 40 1 2 2
4 vs 4 Forward
Center Wing Time % Phy DF OF
1 Stefan Ruzicka Steven Goertzen 60 1 2 2
2 John Mitchell Matt Keith 40 1 2 2
4 vs 4 Defense
Defense Defense Time % Phy DF OF
1 Tom Gilbert James Wisniewski 60 1 2 2
2 Keith Yandle Brett Carson 40 1 2 2
Last Minutes Offensive
Center Left Wing Right Wing Defense Defense
John Mitchell Sergei Kostitsyn Stefan Ruzicka Tom Gilbert James Wisniewski
Last Minutes Defensive
Center Left Wing Right Wing Defense Defense
John Mitchell Sergei Kostitsyn Stefan Ruzicka Tom Gilbert James Wisniewski
Goaltenders
Starting : Mathieu Garon
Backup : Marek Schwarz
Extra Forwards
Normal : Tyler McNeely, Dustin Jeffrey, Stephane Da Costa - PP : Tyler McNeely, Dustin Jeffrey - PK : Stephane Da Costa
Extra Defensemen
Normal : Andrew MacDonald, Ben Blood, Keith Yandle - PP : Andrew MacDonald - PK : Ben Blood, Keith Yandle
Penalty Shots
Stefan Ruzicka, Steven Goertzen, John Mitchell, Matt Keith, Sergei Kostitsyn
% Time on Ice - Saguenéens
Lines # - Real PCT - Wanted PCT - Time Play
Normal Forward
1 - 31% - 40% - 13:05
2 - 28% - 30% - 11:39
3 - 24% - 20% - 10:19
4 - 17% - 10% - 7:11
Normal Defense
1 - 37% - 35% - 15:49
2 - 35% - 35% - 14:45
3 - 24% - 20% - 10:05
4 - 4% - 10% - 1:35
PP Forward
1 - 52% - 50% - 2:45
2 - 48% - 50% - 2:31
PP Defense
1 - 51% - 50% - 2:41
2 - 49% - 50% - 2:35
PK Forward
1 - 50% - 50% - 5:16
2 - 50% - 50% - 5:15
PK Defense
1 - 47% - 50% - 4:59
2 - 53% - 50% - 5:32
PK3 Forward
1 - 0% - 50%
2 - 0% - 50%
PK3 Defense
1 - 0% - 50%
2 - 0% - 50%
44 Forward
1 - 46% - 50% - 0:55
2 - 54% - 50% - 1:04
44 Defense
1 - 45% - 50% - 0:54
2 - 55% - 50% - 1:05
Last Minute Offensive - 0:00
Last Minute Defensive - 0:00
Total
Forward - 60:00
Defense - 60:00
|
% Time on Ice - Machettes
Lines # - Real PCT - Wanted PCT - Time Play
Normal Forward
1 - 35% - 40% - 14:52
2 - 29% - 30% - 12:15
3 - 21% - 20% - 8:49
4 - 15% - 10% - 6:18
Normal Defense
1 - 38% - 40% - 16:15
2 - 30% - 30% - 12:37
3 - 26% - 20% - 11:01
4 - 6% - 10% - 2:21
PP Forward
1 - 57% - 60% - 6:01
2 - 43% - 40% - 4:30
PP Defense
1 - 49% - 60% - 5:07
2 - 51% - 40% - 5:24
PK Forward
1 - 75% - 60% - 3:57
2 - 25% - 40% - 1:19
PK Defense
1 - 56% - 60% - 2:57
2 - 44% - 40% - 2:19
PK3 Forward
1 - 0% - 60%
2 - 0% - 40%
PK3 Defense
1 - 0% - 60%
2 - 0% - 40%
44 Forward
1 - 88% - 60% - 1:45
2 - 12% - 40% - 0:14
44 Defense
1 - 87% - 60% - 1:44
2 - 13% - 40% - 0:15
Last Minute Offensive - 0:00
Last Minute Defensive - 0:00
Total
Forward - 60:00
Defense - 60:00
|
Play by Play
1st period
0:01 of 1st period - Brandon Yip wins face-off versus John Mitchell in neutral zone.
0:03 of 1st period - Off-side.
0:04 of 1st period - John Mitchell wins face-off versus Kyle Brodziak in neutral zone.
0:19 of 1st period - Wrist shot by Stefan Ruzicka.
0:19 of 1st period - Stopped by Thomas Greiss without a rebound.
0:20 of 1st period - Cory Emmerton wins face-off versus Dean McAmmond in Saguenéens zone.
0:35 of 1st period - Slapshot by Wayne Simmonds.
0:35 of 1st period - Shot Blocked by Peter Olvecky.
0:45 of 1st period - Derek Joslin is hit by Matt Keith and loses puck.
1:06 of 1st period - Slapshot by Keith Yandle.
1:06 of 1st period - Shot Misses the Net.
1:08 of 1st period - Slapshot by Keith Yandle.
1:08 of 1st period - Stopped by Thomas Greiss with a rebound.
1:10 of 1st period - Slapshot by Brett Carson.
1:10 of 1st period - Stopped by Thomas Greiss with a rebound.
1:58 of 1st period - Snap shot by Steven Goertzen.
1:58 of 1st period - Shot Misses the Net.
2:32 of 1st period - Slapshot by Pat Dwyer.
2:32 of 1st period - Stopped by Mathieu Garon with a rebound.
3:02 of 1st period - Henrik Tallinder is hit by Stefan Ruzicka.
4:03 of 1st period - Snap shot by Keith Yandle.
4:03 of 1st period - Deflect By Michal Repik.
4:03 of 1st period - Shot Misses the Net.
4:03 of 1st period - Puck is out of play.
4:04 of 1st period - Kyle Brodziak wins face-off versus John Mitchell in Saguenéens zone.
5:07 of 1st period - Minor Penalty to Matt Keith for Interference.
5:08 of 1st period - Kyle Brodziak wins face-off versus Stefan Ruzicka in Machettes zone.
5:13 of 1st period - Snap shot by Brandon Yip.
5:13 of 1st period - Deflect By Michal Grosek.
5:13 of 1st period - Shot Misses the Net.
5:13 of 1st period - Puck is out of play.
5:14 of 1st period - Kyle Brodziak wins face-off versus Stefan Ruzicka in Machettes zone.
5:59 of 1st period - Icing by Michal Grosek.
6:00 of 1st period - Stefan Ruzicka wins face-off versus Dean McAmmond in Saguenéens zone.
6:11 of 1st period - Slapshot by Dean McAmmond.
6:11 of 1st period - Stopped by Mathieu Garon with a rebound.
6:13 of 1st period - Wrist shot by Wayne Simmonds.
6:13 of 1st period - Stopped by Mathieu Garon without a rebound.
6:14 of 1st period - Stefan Ruzicka wins face-off versus Dean McAmmond in Machettes zone.
7:07 of 1st period - Penalty to Matt Keith is over, Matt Keith is back on ice.
9:01 of 1st period - Wrist shot by Steven Goertzen.
9:01 of 1st period - Shot Misses the Net.
9:03 of 1st period - Slapshot by Brett Carson.
9:03 of 1st period - Shot Blocked by Henrik Tallinder.
9:05 of 1st period - Snap shot by Keith Yandle.
9:05 of 1st period - Stopped by Thomas Greiss with a rebound.
10:03 of 1st period - Slapshot by John Mitchell.
10:03 of 1st period - Stopped by Thomas Greiss with a rebound.
10:05 of 1st period - Snap shot by John Mitchell.
10:05 of 1st period - Shot Blocked by Patrick McNeill.
10:51 of 1st period - Wrist shot by John Mitchell.
10:51 of 1st period - Stopped by Thomas Greiss without a rebound.
10:52 of 1st period - John Mitchell wins face-off versus Kyle Brodziak in Saguenéens zone.
11:19 of 1st period - Snap shot by Steven Goertzen.
11:19 of 1st period - Stopped by Thomas Greiss without a rebound.
11:20 of 1st period - Andreas Engqvist wins face-off versus Cory Emmerton in Saguenéens zone.
12:16 of 1st period - Snap shot by Steven Goertzen.
12:16 of 1st period - Stopped by Thomas Greiss without a rebound.
12:17 of 1st period - Sergei Kostitsyn wins face-off versus Kyle Brodziak in Saguenéens zone.
12:26 of 1st period - Backhand shot by Sergei Kostitsyn.
12:26 of 1st period - Shot Misses the Net.
12:28 of 1st period - Snap shot by John Mitchell.
12:28 of 1st period - Stopped by Thomas Greiss without a rebound.
12:29 of 1st period - Kyle Brodziak wins face-off versus Stefan Ruzicka in Saguenéens zone.
12:32 of 1st period - Snap shot by John Mitchell.
12:32 of 1st period - Shot Blocked by Henrik Tallinder.
12:34 of 1st period - Snap shot by Stefan Ruzicka.
12:34 of 1st period - Stopped by Thomas Greiss without a rebound.
12:35 of 1st period - Michal Grosek wins face-off versus John Mitchell in Saguenéens zone.
12:40 of 1st period - Snap shot by Stefan Ruzicka.
12:40 of 1st period - Goal by Stefan Ruzicka - Saguenéens : 0 - Machettes : 1.
12:41 of 1st period - John Mitchell wins face-off versus Kyle Brodziak in neutral zone.
13:07 of 1st period - Mike Van Ryn is hit by Peter Olvecky and loses puck.
14:10 of 1st period - Wrist shot by Sergei Kostitsyn.
14:10 of 1st period - Stopped by Thomas Greiss with a rebound.
14:59 of 1st period - Slapshot by Henrik Tallinder.
14:59 of 1st period - Shot Hit the Post.
15:01 of 1st period - Slapshot by Andrew Kozek.
15:01 of 1st period - Stopped by Mathieu Garon without a rebound.
15:02 of 1st period - David McIntyre wins face-off versus John Mitchell in Machettes zone.
15:33 of 1st period - Off-side.
15:34 of 1st period - Cory Emmerton wins face-off versus Kyle Brodziak in neutral zone.
15:37 of 1st period - Kyle Brodziak is hit by Cory Emmerton and loses puck.
15:42 of 1st period - Snap shot by Cory Emmerton.
15:42 of 1st period - Stopped by Thomas Greiss without a rebound.
15:43 of 1st period - Kyle Brodziak wins face-off versus John Mitchell in Saguenéens zone.
15:43 of 1st period - Kyle Brodziak is hit by James Wisniewski.
16:15 of 1st period - Peter Olvecky is hit by Michal Grosek and loses puck.
16:58 of 1st period - Snap shot by Dean McAmmond.
16:58 of 1st period - Shot Misses the Net.
17:00 of 1st period - Wrist shot by Dean McAmmond.
17:00 of 1st period - Goal by Dean McAmmond - Saguenéens : 1 - Machettes : 1.
17:01 of 1st period - Dean McAmmond wins face-off versus Stefan Ruzicka in neutral zone.
17:26 of 1st period - Johannes Salmonsson is hit by Steven Goertzen and loses puck.
17:54 of 1st period - Snap shot by Pat Dwyer.
17:54 of 1st period - Shot Misses the Net.
18:26 of 1st period - Snap shot by Sergei Kostitsyn.
18:26 of 1st period - Shot Hit the Post.
18:28 of 1st period - Slapshot by Stefan Ruzicka.
18:28 of 1st period - Deflect By Dean McAmmond.
18:28 of 1st period - Stopped by Thomas Greiss without a rebound.
18:29 of 1st period - John Mitchell wins face-off versus Dean McAmmond in Saguenéens zone.
18:38 of 1st period - Wrist shot by John Mitchell.
18:38 of 1st period - Stopped by Thomas Greiss with a rebound.
18:46 of 1st period - Snap shot by Stefan Ruzicka.
18:46 of 1st period - Shot Misses the Net.
18:48 of 1st period - Slapshot by Brett Carson.
18:48 of 1st period - Shot Misses the Net.
18:59 of 1st period - Slapshot by Stefan Ruzicka.
18:59 of 1st period - Deflect By Sergei Kostitsyn.
18:59 of 1st period - Shot Misses the Net.
18:59 of 1st period - Puck is out of play.
19:00 of 1st period - Cory Emmerton wins face-off versus Kyle Brodziak in Saguenéens zone.
19:01 of 1st period - Wrist shot by Peter Olvecky.
19:01 of 1st period - Stopped by Thomas Greiss without a rebound.
19:02 of 1st period - Cory Emmerton wins face-off versus Kyle Brodziak in Saguenéens zone.
19:03 of 1st period - Snap shot by Steven Goertzen.
19:03 of 1st period - Shot Blocked by Derek Joslin.
19:05 of 1st period - Wrist shot by James Wisniewski.
19:05 of 1st period - Shot Blocked by Derek Joslin.
19:06 of 1st period - Minor Penalty to Cory Emmerton for Roughing.
19:06 of 1st period - Minor Penalty to Kyle Brodziak for Interference.
19:07 of 1st period - Brad Chartrand wins face-off versus Stefan Ruzicka in Saguenéens zone.
19:48 of 1st period - Snap shot by John Mitchell.
19:48 of 1st period - Shot Blocked by Brandon Yip.
19:50 of 1st period - Slapshot by Brett Carson.
19:50 of 1st period - Shot Misses the Net.
19:52 of 1st period - Slapshot by John Mitchell.
19:52 of 1st period - Stopped by Thomas Greiss without a rebound.
19:53 of 1st period - Dean McAmmond wins face-off versus Stefan Ruzicka in Saguenéens zone.
2nd period
0:01 of 2nd period - Stefan Ruzicka wins face-off versus Dean McAmmond in neutral zone.
0:08 of 2nd period - Snap shot by Stefan Ruzicka.
0:08 of 2nd period - Stopped by Thomas Greiss without a rebound.
0:09 of 2nd period - Stefan Ruzicka wins face-off versus Wayne Simmonds in Saguenéens zone.
0:40 of 2nd period - Snap shot by Steven Goertzen.
0:40 of 2nd period - Shot Blocked by Patrick McNeill.
0:42 of 2nd period - Snap shot by Stefan Ruzicka.
0:42 of 2nd period - Stopped by Thomas Greiss with a rebound.
0:44 of 2nd period - Snap shot by Stefan Ruzicka.
0:44 of 2nd period - Goal by Stefan Ruzicka - Saguenéens : 1 - Machettes : 2.
0:45 of 2nd period - Brad Chartrand wins face-off versus Stefan Ruzicka in neutral zone.
0:56 of 2nd period - Wrist shot by Brad Chartrand.
0:56 of 2nd period - Stopped by Mathieu Garon with a rebound.
0:58 of 2nd period - Slapshot by Derek Joslin.
0:58 of 2nd period - Stopped by Mathieu Garon with a rebound.
1:00 of 2nd period - Slapshot by Mike Van Ryn.
1:00 of 2nd period - Stopped by Mathieu Garon without a rebound.
1:01 of 2nd period - Brad Chartrand wins face-off versus Stefan Ruzicka in Machettes zone.
1:04 of 2nd period - Snap shot by Brad Chartrand.
1:04 of 2nd period - Shot Blocked by Stefan Ruzicka.
1:06 of 2nd period - Penalty to Cory Emmerton is over, Cory Emmerton is back on ice.
1:06 of 2nd period - Penalty to Kyle Brodziak is over, Kyle Brodziak is back on ice.
1:06 of 2nd period - Wrist shot by Brad Chartrand.
1:06 of 2nd period - Shot Misses the Net.
1:08 of 2nd period - Snap shot by Derek Joslin.
1:08 of 2nd period - Stopped by Mathieu Garon without a rebound.
1:09 of 2nd period - John Mitchell wins face-off versus Kyle Brodziak in Machettes zone.
2:33 of 2nd period - Minor Penalty to Pat Dwyer for Hooking.
2:34 of 2nd period - John Mitchell wins face-off versus Kyle Brodziak in Saguenéens zone.
2:47 of 2nd period - Snap shot by Stefan Ruzicka.
2:47 of 2nd period - Deflect By Mike Van Ryn.
2:47 of 2nd period - Shot Misses the Net.
2:47 of 2nd period - Puck is out of play.
2:48 of 2nd period - John Mitchell wins face-off versus Dean McAmmond in Saguenéens zone.
2:53 of 2nd period - Snap shot by Stefan Ruzicka.
2:53 of 2nd period - Shot Misses the Net.
2:55 of 2nd period - Snap shot by Stefan Ruzicka.
2:55 of 2nd period - Stopped by Thomas Greiss without a rebound.
2:56 of 2nd period - Dean McAmmond wins face-off versus John Mitchell in Saguenéens zone.
3:09 of 2nd period - Slapshot by Stefan Ruzicka.
3:09 of 2nd period - Goal by Stefan Ruzicka - Saguenéens : 1 - Machettes : 3.
3:10 of 2nd period - Stefan Ruzicka wins face-off versus Kyle Brodziak in neutral zone.
3:12 of 2nd period - Tom Gilbert is hit by Brandon Yip and loses puck.
3:45 of 2nd period - Slapshot by Mike Van Ryn.
3:45 of 2nd period - Shot Blocked by John Mitchell.
3:57 of 2nd period - Tom Gilbert is hit by Andrew Kozek and loses puck.
5:06 of 2nd period - Slapshot by Henrik Tallinder.
5:06 of 2nd period - Stopped by Mathieu Garon without a rebound.
5:07 of 2nd period - Brad Chartrand wins face-off versus Tyler McNeely in Machettes zone.
5:14 of 2nd period - Backhand shot by Mike Van Ryn.
5:14 of 2nd period - Shot Blocked by Keith Yandle.
5:23 of 2nd period - Minor Penalty to Johannes Salmonsson for Hooking.
5:24 of 2nd period - Cory Emmerton wins face-off versus Dean McAmmond in Saguenéens zone.
7:23 of 2nd period - Penalty to Johannes Salmonsson is over, Johannes Salmonsson is back on ice.
7:27 of 2nd period - Slapshot by Matt Keith.
7:27 of 2nd period - Stopped by Thomas Greiss without a rebound.
7:28 of 2nd period - Dustin Jeffrey wins face-off versus Andreas Engqvist in Saguenéens zone.
7:33 of 2nd period - Snap shot by Matt Keith.
7:33 of 2nd period - Stopped by Thomas Greiss with a rebound.
7:39 of 2nd period - Slapshot by Henrik Tallinder.
7:39 of 2nd period - Shot Blocked by Andrew MacDonald.
7:41 of 2nd period - Slapshot by Patrick McNeill.
7:41 of 2nd period - Shot Blocked by Matt Keith.
7:57 of 2nd period - Wrist shot by Pat Dwyer.
7:57 of 2nd period - Shot Misses the Net.
7:59 of 2nd period - Snap shot by Derek Joslin.
7:59 of 2nd period - Stopped by Mathieu Garon without a rebound.
8:00 of 2nd period - Stephane Da Costa wins face-off versus Kyle Brodziak in Machettes zone.
8:11 of 2nd period - Snap shot by Matt Keith.
8:11 of 2nd period - Shot Misses the Net.
8:13 of 2nd period - Slapshot by James Wisniewski.
8:13 of 2nd period - Stopped by Thomas Greiss without a rebound.
8:14 of 2nd period - John Mitchell wins face-off versus Kyle Brodziak in Saguenéens zone.
8:27 of 2nd period - Wrist shot by Tom Gilbert.
8:27 of 2nd period - Shot Misses the Net.
8:29 of 2nd period - Slapshot by James Wisniewski.
8:29 of 2nd period - Stopped by Thomas Greiss without a rebound.
8:30 of 2nd period - Dean McAmmond wins face-off versus Cory Emmerton in Saguenéens zone.
8:30 of 2nd period - Dean McAmmond is hit by Cory Emmerton.
8:42 of 2nd period - Wrist shot by Dean McAmmond.
8:42 of 2nd period - Stopped by Mathieu Garon with a rebound.
8:44 of 2nd period - Slapshot by Derek Joslin.
8:44 of 2nd period - Shot Misses the Net.
8:46 of 2nd period - Wrist shot by Dean McAmmond.
8:46 of 2nd period - Deflect By Tom Gilbert.
8:46 of 2nd period - Shot Misses the Net.
8:46 of 2nd period - Puck is out of play.
8:47 of 2nd period - John Mitchell wins face-off versus Kyle Brodziak in Machettes zone.
9:16 of 2nd period - Snap shot by Brad Chartrand.
9:16 of 2nd period - Stopped by Mathieu Garon without a rebound.
9:17 of 2nd period - Cory Emmerton wins face-off versus Andreas Engqvist in Machettes zone.
9:33 of 2nd period - Derek Joslin is hit by Steven Goertzen and loses puck.
9:48 of 2nd period - Snap shot by Kyle Brodziak.
9:48 of 2nd period - Shot Misses the Net.
9:50 of 2nd period - Backhand shot by Henrik Tallinder.
9:50 of 2nd period - Stopped by Mathieu Garon with a rebound.
9:52 of 2nd period - Wrist shot by Kyle Brodziak.
9:52 of 2nd period - Shot Misses the Net.
9:54 of 2nd period - Wrist shot by Michal Grosek.
9:54 of 2nd period - Shot Misses the Net.
10:45 of 2nd period - Andrew Kozek is hit by Cory Emmerton and loses puck.
10:49 of 2nd period - Minor Penalty to Ian Cole for Tripping.
10:50 of 2nd period - Stefan Ruzicka wins face-off versus Kyle Brodziak in Saguenéens zone.
10:53 of 2nd period - Snap shot by Stefan Ruzicka.
10:53 of 2nd period - Stopped by Thomas Greiss without a rebound.
10:54 of 2nd period - Stefan Ruzicka wins face-off versus Kyle Brodziak in Saguenéens zone.
11:01 of 2nd period - Snap shot by Tom Gilbert.
11:01 of 2nd period - Shot Blocked by Derek Joslin.
11:09 of 2nd period - Slapshot by Stefan Ruzicka.
11:09 of 2nd period - Shot Blocked by Derek Joslin.
11:21 of 2nd period - Snap shot by Dean McAmmond.
11:21 of 2nd period - Stopped by Mathieu Garon with a rebound.
11:23 of 2nd period - Snap shot by Brandon Yip.
11:23 of 2nd period - Stopped by Mathieu Garon with a rebound.
11:25 of 2nd period - Wrist shot by Brandon Yip.
11:25 of 2nd period - Shot Blocked by James Wisniewski.
12:49 of 2nd period - Penalty to Ian Cole is over, Ian Cole is back on ice.
12:55 of 2nd period - Denis Bodrov is hit by Keith Yandle and loses puck.
14:47 of 2nd period - Cory Emmerton is hit by Denis Bodrov and loses puck.
15:26 of 2nd period - Dwight King is hit by Tyler McNeely and loses puck.
15:53 of 2nd period - Andreas Engqvist is hit by Sergei Kostitsyn and loses puck.
16:02 of 2nd period - John Mitchell is hit by Andreas Engqvist and loses puck.
16:13 of 2nd period - Ian Cole is hit by Ben Blood and loses puck.
16:20 of 2nd period - Steven Goertzen is hit by Pat Dwyer and loses puck.
16:45 of 2nd period - James Wisniewski is hit by Michal Grosek and loses puck.
16:54 of 2nd period - Backhand shot by Brandon Yip.
16:54 of 2nd period - Shot Misses the Net.
17:08 of 2nd period - Andreas Engqvist is hit by Stefan Ruzicka and loses puck.
17:27 of 2nd period - Slapshot by Keith Yandle.
17:27 of 2nd period - Deflect By Peter Olvecky.
17:27 of 2nd period - Stopped by Thomas Greiss without a rebound.
17:28 of 2nd period - Cory Emmerton wins face-off versus Dean McAmmond in Saguenéens zone.
17:31 of 2nd period - Backhand shot by Peter Olvecky.
17:31 of 2nd period - Shot Misses the Net.
17:33 of 2nd period - Wrist shot by Peter Olvecky.
17:33 of 2nd period - Stopped by Thomas Greiss without a rebound.
17:34 of 2nd period - Kyle Brodziak wins face-off versus John Mitchell in Saguenéens zone.
17:41 of 2nd period - Wrist shot by Brandon Yip.
17:41 of 2nd period - Stopped by Mathieu Garon with a rebound.
17:43 of 2nd period - Wrist shot by Kyle Brodziak.
17:43 of 2nd period - Deflect By Michal Grosek.
17:43 of 2nd period - Shot Blocked by Brett Carson.
17:43 of 2nd period - Puck is out of play.
17:44 of 2nd period - Kyle Brodziak wins face-off versus John Mitchell in Machettes zone.
18:01 of 2nd period - Wrist shot by Michal Grosek.
18:01 of 2nd period - Stopped by Mathieu Garon without a rebound.
18:02 of 2nd period - Dean McAmmond wins face-off versus Cory Emmerton in Machettes zone.
18:03 of 2nd period - Snap shot by Wayne Simmonds.
18:03 of 2nd period - Stopped by Mathieu Garon with a rebound.
19:30 of 2nd period - Minor Penalty to Peter Olvecky for Interference.
19:31 of 2nd period - Dwight King wins face-off versus Stefan Ruzicka in Machettes zone.
19:56 of 2nd period - James Wisniewski is hit by Kyle Brodziak.
3rd period
0:01 of 3rd period - Dean McAmmond wins face-off versus Stefan Ruzicka in neutral zone.
1:30 of 3rd period - Penalty to Peter Olvecky is over, Peter Olvecky is back on ice.
1:50 of 3rd period - Wrist shot by Dustin Jeffrey.
1:50 of 3rd period - Shot Misses the Net.
2:09 of 3rd period - Andrew Kozek is hit by Andrew MacDonald and loses puck.
2:41 of 3rd period - Mike Van Ryn is hit by John Mitchell and loses puck.
2:43 of 3rd period - Minor Penalty to Patrick McNeill for Tripping.
2:44 of 3rd period - John Mitchell wins face-off versus Michal Grosek in Saguenéens zone.
3:03 of 3rd period - Snap shot by Brandon Yip.
3:03 of 3rd period - Shot Misses the Net.
3:05 of 3rd period - Slapshot by Brandon Yip.
3:05 of 3rd period - Stopped by Mathieu Garon with a rebound.
4:43 of 3rd period - Penalty to Patrick McNeill is over, Patrick McNeill is back on ice.
5:18 of 3rd period - Snap shot by Stephane Da Costa.
5:18 of 3rd period - Stopped by Thomas Greiss without a rebound.
5:19 of 3rd period - Andreas Engqvist wins face-off versus Stephane Da Costa in Saguenéens zone.
5:42 of 3rd period - James Wisniewski is hit by Michal Grosek and loses puck.
5:47 of 3rd period - Snap shot by Michal Grosek.
5:47 of 3rd period - Shot Misses the Net.
5:49 of 3rd period - Snap shot by Michal Grosek.
5:49 of 3rd period - Shot Blocked by James Wisniewski.
6:11 of 3rd period - Ben Blood is hit by Wayne Simmonds and loses puck.
6:24 of 3rd period - Slapshot by Keith Yandle.
6:24 of 3rd period - Stopped by Thomas Greiss with a rebound.
6:26 of 3rd period - Wrist shot by Angelo Esposito.
6:26 of 3rd period - Stopped by Thomas Greiss with a rebound.
6:50 of 3rd period - Wrist shot by Brad Chartrand.
6:50 of 3rd period - Shot Blocked by Matt Keith.
7:01 of 3rd period - Off-side.
7:02 of 3rd period - Kyle Brodziak wins face-off versus John Mitchell in neutral zone.
7:07 of 3rd period - Wrist shot by Michal Grosek.
7:07 of 3rd period - Stopped by Mathieu Garon with a rebound.
8:13 of 3rd period - Snap shot by Stefan Ruzicka.
8:13 of 3rd period - Goal by Stefan Ruzicka - Saguenéens : 1 - Machettes : 4.
8:14 of 3rd period - John Mitchell wins face-off versus Kyle Brodziak in neutral zone.
8:57 of 3rd period - Off-side.
8:58 of 3rd period - Andreas Engqvist wins face-off versus Stephane Da Costa in neutral zone.
9:01 of 3rd period - Slapshot by Henrik Tallinder.
9:01 of 3rd period - Stopped by Mathieu Garon with a rebound.
9:03 of 3rd period - Slapshot by Henrik Tallinder.
9:03 of 3rd period - Stopped by Mathieu Garon with a rebound.
9:05 of 3rd period - Snap shot by Derek Joslin.
9:05 of 3rd period - Stopped by Mathieu Garon with a rebound.
9:23 of 3rd period - Henrik Tallinder is hit by Stefan Ruzicka and loses puck.
9:34 of 3rd period - Snap shot by Sergei Kostitsyn.
9:34 of 3rd period - Stopped by Thomas Greiss without a rebound.
9:35 of 3rd period - Cory Emmerton wins face-off versus Wayne Simmonds in Saguenéens zone.
9:38 of 3rd period - Backhand shot by Cory Emmerton.
9:38 of 3rd period - Stopped by Thomas Greiss with a rebound.
9:48 of 3rd period - Wrist shot by Dean McAmmond.
9:48 of 3rd period - Deflect By Steven Goertzen.
9:48 of 3rd period - Shot Misses the Net.
9:48 of 3rd period - Puck is out of play.
9:49 of 3rd period - Kyle Brodziak wins face-off versus John Mitchell in Machettes zone.
10:14 of 3rd period - Steven Goertzen is hit by Mike Van Ryn and loses puck.
10:21 of 3rd period - Backhand shot by Dean McAmmond.
10:21 of 3rd period - Deflect By Wayne Simmonds.
10:21 of 3rd period - Shot Blocked by James Wisniewski.
10:21 of 3rd period - Puck is out of play.
10:22 of 3rd period - Stefan Ruzicka wins face-off versus Dean McAmmond in Machettes zone.
10:56 of 3rd period - Slapshot by Steven Goertzen.
10:56 of 3rd period - Deflect By Cory Emmerton.
10:56 of 3rd period - Stopped by Thomas Greiss without a rebound.
10:57 of 3rd period - Dean McAmmond wins face-off versus Cory Emmerton in Saguenéens zone.
11:02 of 3rd period - Dwight King is hit by Cory Emmerton.
11:24 of 3rd period - Snap shot by Brandon Yip.
11:24 of 3rd period - Shot Blocked by Tom Gilbert.
11:26 of 3rd period - Snap shot by Mike Van Ryn.
11:26 of 3rd period - Stopped by Mathieu Garon with a rebound.
11:28 of 3rd period - Slapshot by Patrick McNeill.
11:28 of 3rd period - Stopped by Mathieu Garon without a rebound.
11:29 of 3rd period - Kyle Brodziak wins face-off versus John Mitchell in Machettes zone.
11:30 of 3rd period - Slapshot by Michal Grosek.
11:30 of 3rd period - Shot Misses the Net.
11:32 of 3rd period - Wrist shot by Kyle Brodziak.
11:32 of 3rd period - Deflect By Brandon Yip.
11:32 of 3rd period - Shot Misses the Net.
11:32 of 3rd period - Puck is out of play.
11:33 of 3rd period - Kyle Brodziak wins face-off versus John Mitchell in Machettes zone.
12:07 of 3rd period - Snap shot by Dean McAmmond.
12:07 of 3rd period - Goal by Dean McAmmond - Saguenéens : 2 - Machettes : 4.
12:08 of 3rd period - Sergei Kostitsyn wins face-off versus Kyle Brodziak in neutral zone.
12:52 of 3rd period - Minor Penalty to Derek Joslin for High sticking.
12:53 of 3rd period - John Mitchell wins face-off versus Dean McAmmond in Saguenéens zone.
13:06 of 3rd period - Wrist shot by John Mitchell.
13:06 of 3rd period - Shot Misses the Net.
13:08 of 3rd period - Slapshot by Sergei Kostitsyn.
13:08 of 3rd period - Shot Misses the Net.
13:48 of 3rd period - Michal Grosek is hit by Stefan Ruzicka and loses puck.
14:52 of 3rd period - Penalty to Derek Joslin is over, Derek Joslin is back on ice.
15:03 of 3rd period - Johannes Salmonsson is hit by Tyler McNeely and loses puck.
15:58 of 3rd period - Snap shot by Tyler McNeely.
15:58 of 3rd period - Shot Misses the Net.
16:07 of 3rd period - Icing by Ben Blood.
16:08 of 3rd period - Tyler McNeely wins face-off versus Andreas Engqvist in Machettes zone.
16:08 of 3rd period - Tyler McNeely is hit by Brad Chartrand.
16:09 of 3rd period - Minor Penalty to Brad Chartrand for Slashing.
16:10 of 3rd period - Kyle Brodziak wins face-off versus John Mitchell in Saguenéens zone.
16:10 of 3rd period - Kyle Brodziak is hit by James Wisniewski.
16:22 of 3rd period - Brandon Yip is hit by John Mitchell and loses puck.
18:09 of 3rd period - Penalty to Brad Chartrand is over, Brad Chartrand is back on ice.
18:41 of 3rd period - Minor Penalty to Ben Blood for Hooking.
18:42 of 3rd period - Dean McAmmond wins face-off versus Stefan Ruzicka in Machettes zone.
19:09 of 3rd period - Brett Carson is hit by Michal Grosek and loses puck.
19:56 of 3rd period - Henrik Tallinder is hit by Peter Olvecky and loses puck.
Output by the SimonT Hockey Simulator (STHS) for François Prévost -- Original Page W3C XHTML 1.0 Valid